[ AOE2 MATCH · #480675626 ]
1v1 RMMagyars vs Bohemians
Player's team · WIN
[ REPLAY ANALYSIS · EXTRACTED FROM THE RECORDED GAME ]
Feudal
11:13
Castle
14:59
Imperial
32:20
| APM avg | 64.0 |
| APM peak | 111 |
| eAPM avg | 32.9 |
| Villagers / military | 144 / 231 |
Focus
⚔️ 27.4% · 🌾 72.6%
Magyar Huszar ×173 · Cavalry Archer ×43 · Trebuchet (Packed) ×7 · Monk ×6 · Petard ×2
Feudal
10:08
Castle
14:13
Imperial
32:16
| APM avg | 23.1 |
| APM peak | 50 |
| eAPM avg | 14.4 |
| Villagers / military | 143 / 197 |
Focus
⚔️ 24.9% · 🌾 75.1%
Skirmisher ×75 · Spearman ×73 · Hand Cannoneer ×41 · Monk ×3 · Bombard Cannon ×3 · Hussite Wagon ×2
Match map
Initial resources + every placement click. Lines = walls · curves = elevation contours. ◆ gold · ⬟ stone · ● berries · ✦ relic · ◌ wall gap
Your base· ✓ Closed at 14:59 · 0t walls · 2 gate(s)
[TLGA] - La Tigresa del Oriente's base· ✓ Closed at 14:13 · 0t walls · 2 gate(s)
Smoothed initial terrain · ◌ = detected wall gap · hover for details
Inputs per minute
— max50202 - - [TLGA] - La Tigresa del Oriente
Build order — max50202
First 150 of 479 actions detected
| 0:02 | Build | House |
| 0:03 | Build | House |
| 0:04 | Create | Villager (Male) |
| 0:04 | Create | Villager (Male) |
| 0:05 | Create | Villager (Male) |
| 0:05 | Create | Villager (Male) |
| 1:35 | Create | Villager (Male) |
| 1:52 | Build | Lumber Camp |
| 2:00 | Build | Lumber Camp |
| 2:14 | Create | Villager (Male) |
| 2:14 | Create | Villager (Male) |
| 2:24 | Create | Villager (Male) |
| 2:24 | Create | Villager (Male) |
| 3:02 | Create | Villager (Male) |
| 3:02 | Create | Villager (Male) |
| 3:15 | Create | Villager (Male) |
| 3:15 | Create | Villager (Male) |
| 3:54 | Create | Villager (Male) |
| 3:55 | Create | Villager (Male) |
| 4:02 | Create | Villager (Male) |
| 4:03 | Create | Villager (Male) |
| 4:09 | Build | House |
| 4:38 | Create | Villager (Male) |
| 4:38 | Create | Villager (Male) |
| 5:11 | Create | Villager (Male) |
| 5:12 | Create | Villager (Male) |
| 5:21 | Build | Mill |
| 5:43 | Create | Villager (Male) |
| 5:44 | Create | Villager (Male) |
| 6:10 | Create | Villager (Male) |
| 6:26 | Build | House |
| 6:30 | Create | Villager (Male) |
| 7:11 | Create | Villager (Male) |
| 7:22 | Create | Villager (Male) |
| 7:41 | Create | Villager (Male) |
| 8:06 | Create | Villager (Male) |
| 8:21 | Build | Farm |
| 8:23 | Build | Farm |
| 8:28 | Build | Farm |
| 8:30 | Build | Farm |
| 8:56 | Create | Villager (Male) |
| 9:01 | Research | Feudal Age |
| 9:06 | Build | Mining Camp |
| 9:13 | Build | Mining Camp |
| 10:34 | Create | Villager (Male) |
| 10:35 | Create | Villager (Male) |
| 10:36 | Build | House |
| 11:13 | Age | Feudal Age |
| 11:18 | Build | Blacksmith |
| 11:22 | Build | Market |
| 12:19 | Research | Castle Age |
| 12:19 | Research | Castle Age |
| 12:24 | Build | House |
| 12:48 | Research | Double-Bit Axe |
| 13:00 | Build | Farm |
| 13:09 | Research | Horse Collar |
| 13:09 | Research | Horse Collar |
| 13:12 | Build | Farm |
| 13:14 | Build | Farm |
| 13:51 | Build | Mining Camp |
| 13:58 | Create | Villager (Male) |
| 13:58 | Create | Villager (Male) |
| 14:59 | Age | Castle Age |
| 15:01 | Build | Town Center |
| 15:01 | Create | Villager (Male) |
| 15:07 | Build | Monastery |
| 15:29 | Build | House |
| 15:29 | Build | House |
| 15:39 | Create | Villager (Male) |
| 15:51 | Research | Bow Saw |
| 15:51 | Research | Bow Saw |
| 15:51 | Research | Bow Saw |
| 15:51 | Research | Bow Saw |
| 15:59 | Create | Monk |
| 16:21 | Create | Villager (Male) |
| 16:41 | Research | Heavy Plow |
| 16:41 | Research | Heavy Plow |
| 16:46 | Create | Villager (Male) |
| 16:53 | Build | Farm |
| 17:04 | Create | Villager (Male) |
| 17:04 | Create | Villager (Male) |
| 17:10 | Build | Farm |
| 17:11 | Build | Farm |
| 17:22 | Build | Farm |
| 17:33 | Create | Villager (Male) |
| 17:34 | Create | Villager (Male) |
| 17:36 | Build | Farm |
| 17:39 | Create | Monk |
| 17:58 | Build | Farm |
| 17:59 | Create | Villager (Male) |
| 18:00 | Create | Villager (Male) |
| 18:09 | Build | Farm |
| 18:11 | Create | Villager (Male) |
| 18:11 | Create | Villager (Male) |
| 18:36 | Create | Villager (Male) |
| 18:36 | Create | Villager (Male) |
| 18:36 | Create | Villager (Male) |
| 18:38 | Build | Farm |
| 18:40 | Build | Farm |
| 18:40 | Build | Farm |
| 18:43 | Build | House |
| 18:47 | Create | Villager (Male) |
| 18:47 | Create | Villager (Male) |
| 18:58 | Create | Villager (Male) |
| 19:11 | Build | Farm |
| 19:18 | Create | Monk |
| 19:30 | Build | Farm |
| 19:31 | Build | Farm |
| 19:32 | Build | Farm |
| 19:38 | Create | Monk |
| 19:47 | Build | House |
| 19:48 | Create | Villager (Male) |
| 19:49 | Create | Villager (Male) |
| 20:15 | Create | Villager (Male) |
| 20:29 | Create | Villager (Male) |
| 20:29 | Create | Villager (Male) |
| 20:35 | Build | Town Center |
| 20:59 | Build | Farm |
| 20:59 | Build | Farm |
| 20:59 | Build | Farm |
| 21:12 | Create | Villager (Male) |
| 21:13 | Create | Villager (Male) |
| 21:13 | Create | Villager (Male) |
| 21:22 | Build | House |
| 21:37 | Create | Villager (Male) |
| 21:38 | Research | Wheelbarrow |
| 21:38 | Create | Villager (Male) |
| 21:39 | Create | Villager (Male) |
| 21:42 | Build | Farm |
| 21:49 | Build | Castle |
| 22:05 | Create | Villager (Male) |
| 22:23 | Create | Villager (Male) |
| 22:26 | Build | Farm |
| 22:26 | Build | Farm |
| 22:26 | Build | Farm |
| 22:37 | Build | Farm |
| 22:55 | Create | Villager (Male) |
| 22:55 | Create | Villager (Male) |
| 22:56 | Create | Villager (Male) |
| 22:58 | Build | Farm |
| 22:58 | Build | Farm |
| 23:03 | Create | Villager (Male) |
| 23:03 | Create | Villager (Male) |
| 23:16 | Create | Monk |
| 23:33 | Create | Monk |
| 23:52 | Create | Villager (Male) |
| 24:02 | Build | Town Center |
| 24:05 | Create | Villager (Male) |
| 24:06 | Research | Hand Cart |
| 24:06 | Create | Villager (Male) |
Build order — [TLGA] - La Tigresa del Oriente
First 150 of 345 actions detected
| 0:02 | Create | Villager (Male) ×4 |
| 0:02 | Create | Villager (Male) ×4 |
| 0:04 | Build | House |
| 0:05 | Build | House |
| 1:28 | Create | Villager (Male) |
| 1:29 | Create | Villager (Male) |
| 2:00 | Build | Lumber Camp |
| 2:05 | Create | Villager (Male) |
| 2:08 | Create | Villager (Male) |
| 2:08 | Create | Villager (Male) |
| 2:56 | Create | Villager (Male) |
| 2:56 | Create | Villager (Male) |
| 2:57 | Create | Villager (Male) |
| 3:09 | Build | House |
| 3:22 | Create | Villager (Male) |
| 3:23 | Create | Villager (Male) |
| 3:42 | Create | Villager (Male) |
| 3:42 | Create | Villager (Male) |
| 4:10 | Create | Villager (Male) |
| 4:11 | Create | Villager (Male) |
| 4:11 | Create | Villager (Male) |
| 4:39 | Create | Villager (Male) |
| 4:39 | Create | Villager (Male) |
| 4:41 | Create | Villager (Male) |
| 5:06 | Build | Mill |
| 5:53 | Create | Villager (Male) |
| 5:53 | Create | Villager (Male) |
| 5:54 | Create | Villager (Male) |
| 6:02 | Build | House |
| 6:17 | Build | Farm |
| 6:31 | Create | Villager (Male) |
| 6:32 | Create | Villager (Male) |
| 6:38 | Build | Farm |
| 7:14 | Build | Mining Camp |
| 7:48 | Research | Feudal Age |
| 7:59 | Build | Farm |
| 8:17 | Create | Villager (Male) |
| 8:18 | Create | Villager (Male) |
| 8:20 | Research | Loom |
| 10:08 | Age | Feudal Age |
| 10:16 | Build | Market |
| 10:24 | Build | Blacksmith |
| 11:05 | Build | Mining Camp |
| 11:33 | Research | Castle Age |
| 12:08 | Build | House |
| 12:39 | Build | Farm |
| 12:46 | Research | Double-Bit Axe |
| 13:25 | Create | Villager (Male) |
| 13:25 | Create | Villager (Male) |
| 13:51 | Research | Horse Collar |
| 14:13 | Age | Castle Age |
| 14:18 | Build | Monastery |
| 14:20 | Create | Villager (Male) |
| 14:41 | Build | Castle |
| 15:04 | Create | Monk |
| 15:08 | Create | Villager (Male) |
| 15:10 | Create | Villager (Male) |
| 15:19 | Build | Town Center |
| 15:53 | Create | Villager (Male) |
| 16:04 | Build | House |
| 16:15 | Research | Town Watch |
| 16:27 | Create | Villager (Male) |
| 16:38 | Create | Villager (Male) |
| 16:42 | Build | House |
| 16:45 | Build | House |
| 16:51 | Research | Fervor |
| 16:53 | Create | Villager (Male) |
| 16:53 | Create | Villager (Male) |
| 17:12 | Create | Villager (Male) |
| 17:15 | Build | Farm |
| 17:28 | Build | Farm |
| 17:38 | Create | Villager (Male) |
| 18:26 | Create | Villager (Male) |
| 18:29 | Build | House |
| 18:29 | Create | Villager (Male) |
| 18:29 | Create | Villager (Male) |
| 18:30 | Create | Villager (Male) |
| 18:34 | Build | Farm |
| 18:35 | Create | Villager (Male) |
| 18:55 | Create | Villager (Male) |
| 18:55 | Create | Villager (Male) |
| 19:00 | Build | House |
| 19:02 | Build | Farm |
| 19:05 | Create | Villager (Male) |
| 19:24 | Build | Farm |
| 19:25 | Build | Farm |
| 19:27 | Build | Farm |
| 19:28 | Build | Farm |
| 19:30 | Build | Farm |
| 19:31 | Create | Villager (Male) |
| 19:32 | Create | Villager (Male) |
| 19:59 | Create | Villager (Male) |
| 19:59 | Create | Villager (Male) |
| 20:03 | Create | Villager (Male) |
| 20:18 | Create | Monk |
| 20:22 | Build | Farm |
| 20:23 | Create | Villager (Male) |
| 20:26 | Build | Lumber Camp |
| 21:04 | Create | Villager (Male) |
| 21:04 | Create | Villager (Male) |
| 21:18 | Create | Villager (Male) |
| 21:18 | Create | Villager (Male) |
| 21:19 | Create | Villager (Male) |
| 21:23 | Create | Villager (Male) |
| 21:23 | Create | Villager (Male) |
| 21:39 | Create | Villager (Male) |
| 21:40 | Create | Villager (Male) |
| 21:40 | Create | Villager (Male) |
| 22:16 | Create | Villager (Male) |
| 22:16 | Create | Villager (Male) |
| 22:16 | Create | Villager (Male) |
| 22:24 | Research | Atonement |
| 23:16 | Create | Villager (Male) |
| 23:16 | Create | Villager (Male) |
| 23:28 | Create | Villager (Male) |
| 23:28 | Create | Villager (Male) |
| 23:36 | Create | Villager (Male) |
| 23:37 | Create | Villager (Male) |
| 23:37 | Create | Villager (Male) |
| 23:53 | Create | Villager (Male) |
| 23:53 | Create | Villager (Male) |
| 24:00 | Create | Monk |
| 24:01 | Create | Villager (Male) |
| 24:01 | Create | Villager (Male) |
| 24:06 | Build | Farm |
| 24:07 | Build | Farm |
| 24:07 | Build | Farm |
| 24:07 | Build | Farm |
| 24:07 | Build | Farm |
| 24:08 | Build | Farm |
| 24:08 | Build | Farm |
| 24:08 | Build | Farm |
| 24:09 | Build | Farm |
| 24:11 | Build | Farm |
| 24:13 | Build | Mill |
| 24:14 | Create | Villager (Male) |
| 24:14 | Create | Villager (Male) |
| 24:22 | Build | Farm |
| 24:23 | Build | Farm |
| 24:24 | Build | Farm |
| 24:25 | Build | Farm |
| 24:26 | Build | Farm |
| 24:27 | Build | Farm |
| 24:28 | Build | Farm |
| 24:29 | Build | Farm |
| 24:30 | Build | Farm |
| 24:32 | Build | Farm |
| 24:33 | Build | Mill |
| 24:41 | Research | Wheelbarrow |
| 24:42 | Research | Loom |
Match timeline
| 10:08 | [TLGA] - La Tigresa del Oriente · age_up feudal |
| 11:13 | max50202 · age_up feudal |
| 12:18 | max50202 · first_market_sell 100 stone |
| 14:13 | [TLGA] - La Tigresa del Oriente · age_up castle |
| 14:18 | [TLGA] - La Tigresa del Oriente · first_building Monastery |
| 14:41 | [TLGA] - La Tigresa del Oriente · first_building Castle |
| 14:59 | max50202 · age_up castle |
| 15:07 | max50202 · first_building Monastery |
| 20:34 | max50202 · first_market_buy 100 wood |
| 21:49 | max50202 · first_building Castle |
| 25:49 | [TLGA] - La Tigresa del Oriente · first_building Barracks |
| 28:44 | [TLGA] - La Tigresa del Oriente · first_building Archery Range |
| 29:30 | [TLGA] - La Tigresa del Oriente · first_building Siege Workshop |
| 31:02 | max50202 · first_building Barracks |
| 32:16 | [TLGA] - La Tigresa del Oriente · age_up imperial |
| 32:20 | max50202 · age_up imperial |
| 35:04 | max50202 · first_building Archery Range |
| 36:05 | [TLGA] - La Tigresa del Oriente · first_market_sell 500 food |
| 36:06 | [TLGA] - La Tigresa del Oriente · first_market_buy 100 stone |
| 44:28 | [TLGA] - La Tigresa del Oriente · resign |
[ AI ANALYSIS · 1 CREDIT ]
What really happened in this match?
Wolo.gg analyzes every decision: build order, eco, micro, common mistakes by bracket. Personalized analysis on WhatsApp or Discord in 30 seconds.
Civ guide
Magyars
Map guide
Arena
Perfil
max50202